 Dungeon Crawl Stone Soup version 0.21.0-26-g889b8f6 (webtiles) character file.

233 tidbits the Insei (level 6, 0/47 HPs)
             Began as a Gnoll Transmuter on Jan 28, 2018.
             Shot with an arrow by a centaur (18 damage)
             ... on level 4 of the Dungeon.
             The game lasted 00:04:08 (593 turns).

tidbits the Insei (Gnoll Transmuter)                 Turns: 593, Time: 00:04:09

Health: 0/47       AC:  4    Str: 17    XL:     6   Next: 4%
Magic:  12/13      EV: 15    Int: 17    God:
Gold:   62         SH:  0    Dex: 16    Spells: 12/15 levels left

rFire    . . .     SeeInvis .     - Unarmed
rCold    . . .     Gourm    .   (no shield)
rNeg     . . .     Faith    .   b - +0 robe
rPois    .         Spirit   .   (no helmet)
rElec    .         Reflect  .   (no cloak)
rCorr    .         Harm     .   G - +0 pair of gloves
MR       .....                  F - +0 pair of boots
Stlth    ++........             (no amulet)
HPRegen  0.15/turn              (no ring)
MPRegen  0.13/turn              (no ring)

@: mighty, appendage
A: distributed training, fangs 1, horns 2, strong nose
a: End Transformation


You were on level 4 of the Dungeon.
You were full.
You had grown temporary horns.
You visited 1 branch of the dungeon, and saw 4 of its levels.

You collected 62 gold pieces.

Inventory:

Hand Weapons
 f - a +0 short sword
Missiles
 a - 32 arrows
Armour
 b - a +0 robe (worn)
 F - a +0 pair of boots (worn)
 G - a +0 pair of gloves (worn)
Wands
 g - a wand of disintegration (8)
Scrolls
 e - a scroll of amnesia {unknown}
 h - a scroll of remove curse {unknown}
 j - a scroll of immolation {unknown}
 l - a scroll of enchant weapon {unknown}
Books
 c - a book of Changes

   Spells                             Type                      Level
   a - Beastly Appendage              Transmutation                1
   b - Sticks to Snakes               Transmutation                2
   c - Spider Form                    Transmutation/Poison         3
   d - Ice Form                       Ice/Transmutation            4
   e - Blade Hands                    Transmutation                5
Comestibles
 d - 2 rations


   Skills:
 + Level 3.1 Fighting
 + Level 1.7 Short Blades
 + Level 1.7 Long Blades
 + Level 1.7 Axes
 + Level 1.7 Maces & Flails
 + Level 1.7 Polearms
 + Level 1.7 Staves
 + Level 1.7 Slings
 + Level 1.7 Bows
 + Level 1.7 Crossbows
 + Level 1.7 Throwing
 + Level 1.7 Armour
 + Level 4.9 Dodging
 + Level 1.7 Stealth
 + Level 1.7 Shields
 + Level 6.7 Unarmed Combat
 + Level 5.2 Spellcasting
 + Level 1.3 Conjurations
 + Level 1.3 Hexes
 + Level 1.3 Charms
 + Level 1.3 Summonings
 + Level 1.3 Necromancy
 + Level 1.3 Translocations
 + Level 4.0 Transmutations
 + Level 1.3 Fire Magic
 + Level 1.3 Ice Magic
 + Level 1.3 Air Magic
 + Level 1.3 Earth Magic
 + Level 1.3 Poison Magic
 + Level 1.9 Invocations
 + Level 1.7 Evocations


You had 12 spell levels left.
You knew the following spells:

 Your Spells              Type           Power        Failure   Level  Hunger
e - Beastly Appendage     Tmut           ###...       2%          1    None
k - Sticks to Snakes      Tmut           ###.....     4%          2    #......


Dungeon Overview and Level Annotations

Branches:
Dungeon (4/15)
 Temple: D:4-7

Altars:
Sif Muna


Innate Abilities, Weirdness & Mutations

Your experience applies equally to all skills.
You have very sharp teeth.
Your uncanny sense of smell can sniff out nearby items.
You have a pair of horns on your head.


Message History

You now have 62 gold pieces (gained 8).
Found a stone staircase leading down.
Found a runed copper wand.
Grinder comes into view.
Grinder shouts!
Grinder blinks!
Found a dagger.
Unknown command.
It was a potion of resistance.
You feel protected.
You feel yourself speed up.
It was a potion of might.
You feel very mighty all of a sudden.
Casting: Sticks to Snakes
Confirm with . or Enter, or press ? or * to list all spells.
You grow a pair of large bovine horns.
Grinder blinks!
You barely miss Grinder. You punch Grinder!
Grinder is moderately wounded.
Grinder barely misses you.
You hit Grinder. You bite Grinder.
Grinder is heavily wounded.
You hit Grinder but do no damage. You headbutt Grinder!
Your punch misses Grinder.
Grinder is severely wounded.
Grinder hits you!
* * * LOW HITPOINT WARNING * * *
You writhe in agony.
* * * LOW HITPOINT WARNING * * *
You closely miss Grinder.
Grinder is severely wounded.
You punch Grinder! Your headbutt misses Grinder.
Grinder is almost dead.
Grinder says, "What is the universe for?"
Grinder gestures at you. You resist with significant effort.
You punch Grinder!
You kill Grinder!
Your Fighting skill increases to level 3!
Your Short Blades skill increases to level 1!
Your Long Blades skill increases to level 1!
Your Axes skill increases to level 1!
Your Maces & Flails skill increases to level 1!
Your Polearms skill increases to level 1!
Your Staves skill increases to level 1!
Your Slings skill increases to level 1!
Your Bows skill increases to level 1!
Your Crossbows skill increases to level 1!
Your Throwing skill increases to level 1!
Your Armour skill increases to level 1!
Your Stealth skill increases to level 1!
Your Shields skill increases to level 1!
Your Conjurations skill increases to level 1!
Your Hexes skill increases to level 1!
Your Charms skill increases to level 1!
Your Summonings skill increases to level 1!
Your Necromancy skill increases to level 1!
Your Translocations skill increases to level 1!
Your Transmutations skill increases to level 4!
Your Fire Magic skill increases to level 1!
Your Ice Magic skill increases to level 1!
Your Air Magic skill increases to level 1!
Your Earth Magic skill increases to level 1!
Your Poison Magic skill increases to level 1!
Your Evocations skill increases to level 1!
You have reached level 4!
You feel agile.
You have reached level 5!
You have reached level 6!
Your experience leads to an increase in your attributes!
Your base attributes are Str 12, Int 16, Dex 16.
Increase (S)trength, (I)ntelligence, or (D)exterity?
You feel clever.
A hobgoblin comes into view.
You see here a wand of disintegration (9).
g - a wand of disintegration (9) Evoke which item? (* to show all) (? for menu, Esc to quit)
Aiming: Disintegrate
Press: ? - help, Shift-Dir - straight line, f - hobgoblin
Aim: a hobgoblin (hasn't noticed you, chance to defeat MR: 85%)
The hobgoblin shouts!
The hobgoblin is blasted.
You blow up the hobgoblin!
Your transformation is almost over.
You see here a chunk of flesh.
Your horns disappear.
Magic restored.
Your extra speed is starting to run out.
You start to feel less resistant.
You feel yourself slow down.
Your resistance to elements expires.
There is a stone staircase leading down here.
You climb downwards.
A centaur comes into view.
The centaur shouts!
Found a shiny marble ring and 13 stones.
There is a stone staircase leading up here.
Casting: Beastly Appendage
Confirm with . or Enter, or press ? or * to list all spells.
You grow a pair of large bovine horns.
The centaur wields a shortbow.
The centaur shoots an arrow.
The arrow hits you!!
You die...

(.# #....# ..=#
##....##
...##......
#........##
#........#
#........###
##...........
#....@.......
............###
...........##
##...c....##
######...#
#####


You could see a centaur.

Vanquished Creatures
  Grinder (D:3)
  A centaur zombie (D:3)
  A dart slug (D:2)
  A leopard gecko (D:3)
  4 orcs (D:3)
  A goblin (D:2)
  A hobgoblin (D:3)
  A kobold (D:2)
  A quokka (D:2)
  2 rats
14 creatures vanquished.

Vanquished Creatures (collateral kills)
  A bat (D:3)
1 creature vanquished.

Grand Total: 15 creatures vanquished

Notes
Turn   | Place    | Note
-------+----------+-------------------------------------------
     0 | D:1      | tidbits the Gnoll Transmuter began the quest for the Orb.
     0 | D:1      | Reached XP level 1. HP: 17/17 MP: 6/6
   295 | D:2      | Reached XP level 2. HP: 19/23 MP: 7/7
   299 | D:2      | Learned a level 2 spell: Sticks to Snakes
   375 | D:3      | Reached skill level 5 in Spellcasting
   375 | D:3      | Reached skill level 1 in Invocations
   375 | D:3      | Reached XP level 3. HP: 8/28 MP: 0/9
   423 | D:3      | Found a deep blue altar of Sif Muna.
   521 | D:3      | Noticed Grinder
   533 | D:3      | Killed Grinder
   533 | D:3      | Reached skill level 3 in Fighting
   533 | D:3      | Reached skill level 1 in Short Blades
   533 | D:3      | Reached skill level 1 in Long Blades
   533 | D:3      | Reached skill level 1 in Axes
   533 | D:3      | Reached skill level 1 in Maces & Flails
   533 | D:3      | Reached skill level 1 in Polearms
   533 | D:3      | Reached skill level 1 in Staves
   533 | D:3      | Reached skill level 1 in Slings
   533 | D:3      | Reached skill level 1 in Bows
   533 | D:3      | Reached skill level 1 in Crossbows
   533 | D:3      | Reached skill level 1 in Throwing
   533 | D:3      | Reached skill level 1 in Armour
   533 | D:3      | Reached skill level 1 in Stealth
   533 | D:3      | Reached skill level 1 in Shields
   533 | D:3      | Reached skill level 1 in Conjurations
   533 | D:3      | Reached skill level 1 in Hexes
   533 | D:3      | Reached skill level 1 in Charms
   533 | D:3      | Reached skill level 1 in Summonings
   533 | D:3      | Reached skill level 1 in Necromancy
   533 | D:3      | Reached skill level 1 in Translocations
   533 | D:3      | Reached skill level 4 in Transmutations
   533 | D:3      | Reached skill level 1 in Fire Magic
   533 | D:3      | Reached skill level 1 in Ice Magic
   533 | D:3      | Reached skill level 1 in Air Magic
   533 | D:3      | Reached skill level 1 in Earth Magic
   533 | D:3      | Reached skill level 1 in Poison Magic
   533 | D:3      | Reached skill level 1 in Evocations
   533 | D:3      | Reached XP level 4. HP: 8/35 MP: 9/11
   533 | D:3      | Reached XP level 5. HP: 10/41 MP: 9/12
   533 | D:3      | Reached XP level 6. HP: 11/47 MP: 9/13
   593 | D:4      | Shot with an arrow by a centaur

Skill      XL: |  1  2  3 |
---------------+----------+-----
Spellcasting   | 5 |  5.2
Invocations    | 1 |  1.9
Fighting       | 3 |  3.1
Short Blades   | 1 |  1.7
Long Blades    | 1 |  1.7
Axes           | 1 |  1.7
Maces & Flails | 1 |  1.7
Polearms       | 1 |  1.7
Staves         | 1 |  1.7
Slings         | 1 |  1.7
Bows           | 1 |  1.7
Crossbows      | 1 |  1.7
Throwing       | 1 |  1.7
Armour         | 1 |  1.7
Stealth        | 1 |  1.7
Shields        | 1 |  1.7
Conjurations   | 1 |  1.3
Hexes          | 1 |  1.3
Charms         | 1 |  1.3
Summonings     | 1 |  1.3
Necromancy     | 1 |  1.3
Translocations | 1 |  1.3
Transmutations | 4 |  4.0
Fire Magic     | 1 |  1.3
Ice Magic      | 1 |  1.3
Air Magic      | 1 |  1.3
Earth Magic    | 1 |  1.3
Poison Magic   | 1 |  1.3
Evocations     | 1 |  1.7
Dodging        | |  4.9
Unarmed Combat | |  6.7

Action                   |  1- 3 |  4- 6 || total
-------------------------+-------+-------++-------
Melee: Unarmed           |    34 |       ||    34
       Headbutt          |     5 |       ||     5
       Bite              |     3 |       ||     3
 Cast: Beastly Appendage |     7 |     1 ||     8
       Sticks to Snakes  |     3 |       ||     3
Evoke: Wand              |       |     1 ||     1
  Use: Potion            |     3 |       ||     3
  Eat: Ration            |     1 |       ||     1
Armor: Robe              |     4 |       ||     4
Dodge: Dodged            |    18 |       ||    18

Table legend:
 A = Turns spent in this place as a percentage of turns spent in the entire game.
 B = Non-inter-level travel turns spent in this place as a percentage of non-inter-level travel turns spent in the entire game.
 C = Inter-level travel turns spent in this place as a percentage of turns spent in this place.
 D = Turns resting spent in this place as a percentage of non-inter-level travel turns spent in this place.
 E = Turns spent auto-exploring this place as a percentage of non-inter-level travel turns spent in this place.
 F = Non-inter-level travel turns spent in this place divided by the number of levels of this place that you've seen.
                   A       B       C       D       E      F
               +-------+-------+-------+-------+-------+----------------------
         Total | 100.0 | 100.0 |   4.0 |   0.0 |   0.0 | 142.2
       Dungeon | 100.0 | 100.0 |   4.0 |   0.0 |   0.0 | 142.2
               +-------+-------+-------+-------+-------+----------------------

Table legend:
 A = Kills in this place as a percentage of kills in entire the game.
 B = Kills by you in this place as a percentage of kills by you in the entire game.
 C = Kills by friends in this place as a percentage of kills by friends in the entire game.
 D = Other kills in this place as a percentage of other kills in the entire game.
 E = Experience gained in this place as a percentage of experience gained in the entire game.
 F = Experience gained in this place divided by the number of levels of this place that you have seen.
                   A       B       C       D       E      F
               +-------+-------+-------+-------+-------+----------------------
         Total | 100.0 | 100.0 | 100.0 |   N/A | 100.0 |  83.2
       Dungeon | 100.0 | 100.0 | 100.0 |   N/A | 100.0 |  83.2
               +-------+-------+-------+-------+-------+----------------------

Vault maps used:
D:1:      lightli_arrival_isolated_outpost, minivault_25,
          minmay_misc_feat_columns
D:2:      chequers_ecumenical_altar_simple
D:3:      overflow_temple_1_default, hangedman_abyss_or_decor_lesser_grid,
          nicolae_gozag_cash_rules_everything_around_me, uniq_grinder,
          uniq_jessica
D:4:      grunt_temple_overflow_open, first_ration, grunt_dithmenos_smoke
